TOP OF THE 1ST |
Eugene Emeralds batting - Pitching for Milwaukee (NYP) Brewers : RHP Elijah Seabrooks
|
Pitching: RHP Elijah Seabrooks
|
|
Batting: RHB Du Kim
|
0-0: Fly out, F8 (Flyball, 8RM, EV 90.0 MPH)
|
Batting: RHB Ricky Ramirez
|
0-0: Ball 1-0: Called Strike 1-1: Ball 2-1: SINGLE (Flyball, 89S, EV 91.9 MPH)
|
Batting: LHB Wing-tat Tai
|
0-0: Called Strike 0-1: Swinging Strike 0-2: Ball 1-2: Ball 2-2: Ball 3-2: Hit by Pitch Ricky Ramirez to second
|
Batting: RHB Mike Hill
|
0-0: Called Strike 0-1: Ball 1-1: SINGLE (Line Drive, 7S, EV 86.2 MPH) Ricky Ramirez to third Wing-tat Tai to second Runner from 3rd tries for Home, SAFE, throw by LF to home
|
Batting: RHB Josh Asch
|
0-0: Ball 1-0: SINGLE (Line Drive, 9S, EV 102.5 MPH) Wing-tat Tai to third Mike Hill to second Runner from 3rd tries for Home, SAFE, throw by RF to home
|
Batting: RHB Adrian Cox
|
0-0: Ball 1-0: Ball 2-0: Called Strike 2-1: Fielders Choice at 2nd, 4-6 (Groundball, 4, EV 100.6 MPH) Mike Hill to third
|
Batting: RHB David Bousfield
|
0-0: Ball 1-0: Fielders Choice at 2nd, 6-4 (Groundball, 6, EV 88.1 MPH)
|
Top of the 1st over - 2 runs, 3 hits, 0 errors, 2 left on base; Eugene 2 - Milwaukee (NYP) 0 |
BOTTOM OF THE 1ST |
Milwaukee (NYP) Brewers batting - Pitching for Eugene Emeralds : RHP Luis Solis
|
Pitching: RHP Luis Solis
|
|
Batting: SHB Sam Bingham
|
0-0: Swinging Strike 0-1: Foul Ball, location: 2F 0-2: Ball 1-2: Ball 2-2: Foul Ball, location: 2F 2-2: Ground out 4-3 (Groundball, 4, EV 87.5 MPH)
|
Batting: LHB Mark Backstrom
|
0-0: Called Strike 0-1: SINGLE (Groundball, 4, EV 96.9 MPH)
|
Batting: LHB Karel Hort
|
0-0: Grounds out, U3 (Groundball, 3L, EV 82.5 MPH)
|
Batting: RHB Ryan Miller
|
0-0: Ball 1-0: Ball 2-0: Called Strike 2-1: Fly out, F4 (Flyball, 34D, EV 93.8 MPH)
|
Bottom of the 1st over - 0 runs, 1 hit, 0 errors, 1 left on base; Eugene 2 - Milwaukee (NYP) 0 |
TOP OF THE 2ND |
Eugene Emeralds batting - Pitching for Milwaukee (NYP) Brewers : RHP Elijah Seabrooks
|
Batting: RHB Jorge Lagunas
|
0-0: Foul Ball, location: 2F 0-1: Ground out 5-3 (Groundball, 5, EV 83.1 MPH)
|
Batting: RHB Dan Orozco
|
0-0: Fly out, F9 (Flyball, 9, EV 73.8 MPH)
|
Batting: RHB Du Kim
|
0-0: Called Strike 0-1: Fly out, F3 (Line Drive, 34, EV 69.4 MPH)
|
Top of the 2nd over - 0 runs, 0 hits, 0 errors, 0 left on base; Eugene 2 - Milwaukee (NYP) 0 |
BOTTOM OF THE 2ND |
Milwaukee (NYP) Brewers batting - Pitching for Eugene Emeralds : RHP Luis Solis
|
Batting: SHB Jerry Duffy
|
0-0: Ball 1-0: Foul Ball, location: 2F 1-1: Called Strike 1-2: Ball 2-2: Ball 3-2: Base on Balls
|
Batting: LHB Umar Matoub
|
Balk! Jerry Duffy to second 0-0: SINGLE (Line Drive, 4D, EV 100.0 MPH) Jerry Duffy to third
|
Batting: LHB Sal Burgos
|
0-0: Called Strike 0-1: Ball 1-1: Foul Ball, location: 2F 1-2: Foul Ball, location: 2F 1-2: Ball 2-2: Fielders Choice at 2nd, 1-6 (Groundball, 13, EV 73.1 MPH)
|
Batting: RHB Juan Villanueva
|
0-0: Ball Sal Burgos is caught stealing 2nd base 2-4 1-0: Ground out 6-3 (Groundball, 6, EV 89.4 MPH)
|
Bottom of the 2nd over - 0 runs, 1 hit, 0 errors, 1 left on base; Eugene 2 - Milwaukee (NYP) 0 |
TOP OF THE 3RD |
Eugene Emeralds batting - Pitching for Milwaukee (NYP) Brewers : RHP Elijah Seabrooks
|
Batting: RHB Ricky Ramirez
|
0-0: SINGLE (Line Drive, 8RS, EV 93.1 MPH)
|
Batting: LHB Wing-tat Tai
|
0-0: Ball 1-0: Called Strike 1-1: Fly out, F9 (Flyball, 89S, EV 94.4 MPH)
|
Batting: RHB Mike Hill
|
0-0: Called Strike 0-1: Swinging Strike 0-2: Foul Ball, location: 2F 0-2: Ball 1-2: Strikes out looking
|
Batting: RHB Josh Asch
|
0-0: Ball Ricky Ramirez steals 2nd base 1-0: Foul Ball, location: 2F 1-1: SINGLE (Groundball, 6MS, EV 70.0 MPH) (infield hit) Ricky Ramirez to third
|
Batting: RHB Adrian Cox
|
0-0: Fly out, F7 (Flyball, 7, EV 85.0 MPH)
|
Top of the 3rd over - 0 runs, 2 hits, 0 errors, 2 left on base; Eugene 2 - Milwaukee (NYP) 0 |
BOTTOM OF THE 3RD |
Milwaukee (NYP) Brewers batting - Pitching for Eugene Emeralds : RHP Luis Solis
|
Batting: RHB Dusty Bates
|
0-0: Ball 1-0: Ball 2-0: Ball 3-0: Base on Balls
|
Batting: SHB Sam Bingham
|
0-0: Ball 1-0: Called Strike 1-1: Foul Ball, location: 2F 1-2: Strikes out swinging
|
Batting: LHB Mark Backstrom
|
0-0: SINGLE (Groundball, 6D, EV 98.8 MPH) Dusty Bates to second
|
Batting: LHB Karel Hort
|
0-0: Swinging Strike 0-1: Swinging Strike 0-2: Ball 1-2: Foul Ball, location: 2F 1-2: Ball 2-2: Foul Ball, location: 2F 2-2: Strikes out looking
|
Batting: RHB Ryan Miller
|
0-0: Called Strike 0-1: Ball Passed Ball! Dusty Bates to third Mark Backstrom to second 1-1: Foul Ball, location: 2F 1-2: Foul Ball, location: 2F 1-2: Ball 2-2: 3-RUN HOME RUN (Flyball, 7LD, EV 98.8 MPH), Distance : 367 ft
|
Batting: SHB Jerry Duffy
|
0-0: Swinging Strike 0-1: SOLO HOME RUN (Flyball, 9D, EV 96.9 MPH), Distance : 386 ft
|
Batting: LHB Umar Matoub
|
0-0: Called Strike 0-1: Ball 1-1: Fly out, F9 (Flyball, 89S, EV 88.1 MPH)
|
Bottom of the 3rd over - 4 runs, 3 hits, 0 errors, 0 left on base; Eugene 2 - Milwaukee (NYP) 4 |
TOP OF THE 4TH |
Eugene Emeralds batting - Pitching for Milwaukee (NYP) Brewers : RHP Elijah Seabrooks
|
Batting: RHB David Bousfield
|
0-0: Foul Ball, location: 2F 0-1: Ball 1-1: Foul Ball, location: 2F 1-2: Strikes out swinging
|
Batting: RHB Jorge Lagunas
|
0-0: Ball 1-0: Called Strike 1-1: Ground out 5-3 (Groundball, 56, EV 88.1 MPH)
|
Batting: RHB Dan Orozco
|
0-0: Ball 1-0: Ball 2-0: Ball 3-0: Called Strike 3-1: Foul Ball, location: 2F 3-2: Strikes out swinging
|
Top of the 4th over - 0 runs, 0 hits, 0 errors, 0 left on base; Eugene 2 - Milwaukee (NYP) 4 |
BOTTOM OF THE 4TH |
Milwaukee (NYP) Brewers batting - Pitching for Eugene Emeralds : RHP Luis Solis
|
Batting: LHB Sal Burgos
|
0-0: Ground out 6-3 (Groundball, 4D, EV 99.4 MPH)
|
Batting: RHB Juan Villanueva
|
0-0: Called Strike 0-1: Ball 1-1: DOUBLE (Line Drive, 78D, EV 106.9 MPH)
|
Batting: RHB Dusty Bates
|
0-0: Ball 1-0: Fly out, F8 (Flyball, 78M, EV 90.6 MPH)
|
Batting: SHB Sam Bingham
|
0-0: Ball Wild Pitch! Juan Villanueva to third 1-0: Ball 2-0: Ball 3-0: Called Strike 3-1: Base on Balls
|
Batting: LHB Mark Backstrom
|
0-0: Foul Ball, location: 2F 0-1: Swinging Strike 0-2: Fly out, F7 (Flyball, 7, EV 87.5 MPH)
|
Bottom of the 4th over - 0 runs, 1 hit, 0 errors, 2 left on base; Eugene 2 - Milwaukee (NYP) 4 |
TOP OF THE 5TH |
Eugene Emeralds batting - Pitching for Milwaukee (NYP) Brewers : RHP Elijah Seabrooks
|
Batting: RHB Du Kim
|
0-0: Called Strike 0-1: Swinging Strike 0-2: Ball 1-2: Ground out 6-3 (Groundball, 6, EV 96.2 MPH)
|
Batting: RHB Ricky Ramirez
|
0-0: Ground out 5-3 (Groundball, 56, EV 83.8 MPH)
|
Batting: LHB Wing-tat Tai
|
0-0: Ball 1-0: Foul Ball, location: 2F 1-1: Ball 2-1: SINGLE (Groundball, 4S, EV 63.1 MPH) (infield hit)
|
Batting: RHB Mike Hill
|
0-0: Ball 1-0: Called Strike 1-1: Swinging Strike 1-2: Ball 2-2: SINGLE (Line Drive, 3D, EV 94.4 MPH) Wing-tat Tai to second
|
Batting: RHB Josh Asch
|
0-0: Called Strike 0-1: Called Strike 0-2: Ball 1-2: Foul Ball, location: 2F 1-2: Strikes out looking
|
Top of the 5th over - 0 runs, 2 hits, 0 errors, 2 left on base; Eugene 2 - Milwaukee (NYP) 4 |
BOTTOM OF THE 5TH |
Milwaukee (NYP) Brewers batting - Pitching for Eugene Emeralds : RHP Luis Solis
|
Batting: LHB Karel Hort
|
0-0: Ball 1-0: Fly out, F7 (Flyball, 7D, EV 93.1 MPH)
|
Batting: RHB Ryan Miller
|
0-0: Ball 1-0: Ball 2-0: Called Strike 2-1: SINGLE (Groundball, 34D, EV 101.9 MPH)
|
Batting: SHB Jerry Duffy
|
0-0: Grounds into double play, 4-6-3 (Groundball, 4, EV 108.1 MPH)
|
Bottom of the 5th over - 0 runs, 1 hit, 0 errors, 0 left on base; Eugene 2 - Milwaukee (NYP) 4 |
TOP OF THE 6TH |
Eugene Emeralds batting - Pitching for Milwaukee (NYP) Brewers : RHP Elijah Seabrooks
|
Batting: RHB Adrian Cox
|
0-0: Ball 1-0: SINGLE (Line Drive, 56, EV 101.9 MPH)
|
Batting: RHB David Bousfield
|
0-0: Swinging Strike 0-1: Ball Adrian Cox steals 2nd base (no throw) 1-1: Foul Ball, location: 2F 1-2: Ball 2-2: Strikes out swinging, 2-3 out at first.
|
Batting: RHB Jorge Lagunas
|
0-0: Called Strike Adrian Cox steals 3rd base 0-1: Swinging Strike 0-2: Ball 1-2: Ball 2-2: Strikes out swinging
|
Pitching: RHP Dan Patino
|
|
Batting: RHB Dan Orozco
|
0-0: Called Strike 0-1: Ground out 5-3 (Groundball, 56, EV 86.9 MPH)
|
Top of the 6th over - 0 runs, 1 hit, 0 errors, 1 left on base; Eugene 2 - Milwaukee (NYP) 4 |
BOTTOM OF THE 6TH |
Milwaukee (NYP) Brewers batting - Pitching for Eugene Emeralds : RHP Luis Solis
|
Batting: LHB Umar Matoub
|
0-0: Swinging Strike 0-1: Foul Ball, location: 2F 0-2: Ball 1-2: Ball 2-2: Ball 3-2: Base on Balls
|
Pitching: RHP Reginald Bamber
|
|
Batting: LHB Sal Burgos
|
0-0: Foul Ball, location: 2F 0-1: Swinging Strike 0-2: Strikes out swinging
|
Batting: RHB Juan Villanueva
|
0-0: Foul Ball, location: 2F 0-1: Called Strike 0-2: Ball 1-2: Strikes out swinging
|
Batting: RHB Dusty Bates
|
0-0: Called Strike 0-1: Foul Ball, location: 2F 0-2: Foul Ball, location: 2F 0-2: Ball 1-2: Hit by Pitch Umar Matoub to second
|
Batting: SHB Sam Bingham
|
0-0: Ball 1-0: SINGLE (Groundball, 34D, EV 98.8 MPH) Umar Matoub to third Dusty Bates to second Runner from 3rd tries for Home, throw by RF and OUT! 9-2
|
Bottom of the 6th over - 0 runs, 1 hit, 0 errors, 2 left on base; Eugene 2 - Milwaukee (NYP) 4 |
TOP OF THE 7TH |
Eugene Emeralds batting - Pitching for Milwaukee (NYP) Brewers : RHP Dan Patino
|
Batting: RHB Du Kim
|
0-0: Ball 1-0: Swinging Strike 1-1: Ball 2-1: Called Strike 2-2: Foul Ball, location: 2F 2-2: Strikes out swinging
|
Batting: RHB Ricky Ramirez
|
0-0: Ball 1-0: Called Strike 1-1: SINGLE (Line Drive, 9LM, EV 99.4 MPH)
|
Batting: LHB Wing-tat Tai
|
0-0: Ball 1-0: Foul Ball, location: 2F 1-1: Ball 2-1: Foul Ball, location: 2F 2-2: Foul Ball, location: 2F 2-2: Ball 3-2: Single, Error in OF, E8, batter to second base (Groundball, 4D, EV 107.5 MPH) Ricky Ramirez to third
|
Batting: RHB Mike Hill
|
0-0: Called Strike 0-1: Ball 1-1: Ball 2-1: Ball 3-1: Foul Ball, location: 2F 3-2: Foul Ball, location: 2F 3-2: Foul Ball, location: 2F 3-2: SINGLE (Groundball, 5D, EV 98.8 MPH) Ricky Ramirez scores Wing-tat Tai to third Runner from 3rd tries for Home, SAFE, throw by LF to home
|
Batting: RHB Josh Asch
|
0-0: Ball 1-0: Called Strike 1-1: Ball 2-1: Swinging Strike 2-2: Ball 3-2: Strikes out swinging
|
Pinch Hitting: LHB Emir Jalil
|
0-0: Foul Ball, location: 2F 0-1: Ground out 4-3 (Groundball, 34D, EV 86.2 MPH)
|
Top of the 7th over - 2 runs, 3 hits, 1 error, 1 left on base; Eugene 4 - Milwaukee (NYP) 4 |
BOTTOM OF THE 7TH |
Milwaukee (NYP) Brewers batting - Pitching for Eugene Emeralds : RHP Reginald Bamber
|
Now in LF: Gilberto Alvarado
|
|
Batting: LHB Mark Backstrom
|
0-0: Called Strike 0-1: Foul Ball, location: 2F 0-2: Foul Ball, location: 2F 0-2: Ball 1-2: Ball 2-2: Ball 3-2: Foul Ball, location: 2F 3-2: Base on Balls
|
Batting: LHB Karel Hort
|
0-0: Ball 1-0: Swinging Strike 1-1: Ball 2-1: Ball 3-1: Called Strike 3-2: Base on Balls Mark Backstrom to second
|
Pitching: RHP Victor de Leon
|
|
Batting: RHB Ryan Miller
|
0-0: Ball 1-0: Ball 2-0: Called Strike 2-1: Ball 3-1: Foul Ball, location: 2F 3-2: Foul Ball, location: 2F 3-2: Foul Ball, location: 2F 3-2: Foul Ball, location: 2F 3-2: Strikes out swinging
|
Batting: SHB Jerry Duffy
|
0-0: Called Strike 0-1: Ball 1-1: Fly out, F8 (Flyball, 8LXD, EV 83.8 MPH) Runner from 2nd tags up, SAFE at 3rd, no throw by CF
|
Batting: LHB Umar Matoub
|
0-0: Called Strike 0-1: SINGLE (Line Drive, 7S, EV 91.9 MPH) Mark Backstrom scores Karel Hort to second
|
Batting: LHB Sal Burgos
|
0-0: DOUBLE (Flyball, 89XD, EV 110.0 MPH) Karel Hort scores Umar Matoub to third Runner from 3rd tries for Home, SAFE, no throw by CF
|
Pinch Runner at 2nd Jeremy Harden:
|
|
Batting: RHB Juan Villanueva
|
0-0: Ball 1-0: Called Strike 1-1: Ball 2-1: Ball 3-1: Swinging Strike 3-2: Strikes out swinging
|
Bottom of the 7th over - 3 runs, 2 hits, 0 errors, 1 left on base; Eugene 4 - Milwaukee (NYP) 7 |
TOP OF THE 8TH |
Eugene Emeralds batting - Pitching for Milwaukee (NYP) Brewers : RHP Dan Patino
|
Now in LF: Paul Collins
|
|
Now in CF: Dan Allred
|
|
Batting: RHB David Bousfield
|
0-0: Swinging Strike 0-1: Swinging Strike 0-2: Ball 1-2: Strikes out swinging, 2-3 out at first.
|
Batting: RHB Jorge Lagunas
|
0-0: Ball 1-0: Swinging Strike 1-1: Ball 2-1: Swinging Strike 2-2: Strikes out swinging
|
Batting: RHB Dan Orozco
|
0-0: Hit by Pitch
|
Batting: RHB Du Kim
|
0-0: Called Strike 0-1: Ball 1-1: Ball 2-1: Ground out 5-3 (Groundball, 5S, EV 90.6 MPH)
|
Top of the 8th over - 0 runs, 0 hits, 0 errors, 1 left on base; Eugene 4 - Milwaukee (NYP) 7 |
BOTTOM OF THE 8TH |
Milwaukee (NYP) Brewers batting - Pitching for Eugene Emeralds : RHP Victor de Leon
|
Pitching: LHP Jose Gutierres
|
|
Batting: RHB Dusty Bates
|
0-0: Called Strike 0-1: Fly out, F8 (Flyball, 8LD, EV 91.2 MPH)
|
Batting: SHB Sam Bingham
|
0-0: Ball 1-0: SINGLE (Flyball, 8LS, EV 91.2 MPH)
|
Batting: LHB Mark Backstrom
|
0-0: Ball 1-0: Ball Sam Bingham steals 2nd base 2-0: Foul Ball, location: 2F 2-1: Called Strike 2-2: Ball 3-2: Base on Balls
|
Batting: LHB Karel Hort
|
0-0: Ball 1-0: Ball 2-0: Called Strike 2-1: Called Strike 2-2: Ball 3-2: Strikes out looking
|
Batting: RHB Ryan Miller
|
0-0: Ball 1-0: Ball 2-0: Foul Ball, location: 2F 2-1: Ball 3-1: Ground out 3-1 (Groundball, 13, EV 85.6 MPH)
|
Bottom of the 8th over - 0 runs, 1 hit, 0 errors, 2 left on base; Eugene 4 - Milwaukee (NYP) 7 |
TOP OF THE 9TH |
Eugene Emeralds batting - Pitching for Milwaukee (NYP) Brewers : RHP Dan Patino
|
Pitching: RHP Ben Bosley
|
|
Batting: RHB Ricky Ramirez
|
0-0: Ball 1-0: Ball 2-0: SINGLE (Line Drive, 4MD, EV 98.8 MPH)
|
Batting: LHB Wing-tat Tai
|
0-0: Called Strike 0-1: SINGLE (Line Drive, 9S, EV 100.6 MPH) Ricky Ramirez to second
|
Batting: RHB Mike Hill
|
0-0: Ball 1-0: Foul Ball, location: 2F 1-1: Foul Ball, location: 2F 1-2: Ball 2-2: Strikes out swinging
|
Batting: RHB Josh Asch
|
0-0: Ball 1-0: Called Strike 1-1: Called Strike 1-2: Ball 2-2: Strikes out swinging
|
Batting: RHB Gilberto Alvarado
|
0-0: Called Strike 0-1: Called Strike 0-2: Fly out, F8 (Line Drive, 8RD, EV 99.4 MPH)
|
Top of the 9th over - 0 runs, 2 hits, 0 errors, 2 left on base; Eugene 4 - Milwaukee (NYP) 7 |
|